Map: Cañón atribulado

Players

GhostyBear

  • Race: Protoss Protoss
  • Spawn Location: 6:00

SnaggingRc

  • Race: Terran Terran
  • Spawn Location: 7:00

Tartaro

  • Race: Protoss Protoss
  • League: Bronze
  • Spawn Location: 6:00

MrFercho - Winner!

  • Race: Zerg Zerg
  • League: Silver
  • Spawn Location: 12:00

tigro - Winner!

  • Race: Terran Terran
  • League: Bronze
  • Spawn Location: 12:00

TATORREA - Winner!

  • Race: Protoss Protoss
  • League: Gold
  • Spawn Location: 3:00

VOD

Have the link to the VOD?

Description

Time

  • Played on: July 4, 2020, 10:40 p.m.
  • Length: 13:40
Show
View Real Time Build Order
Export as new Build Order

GhostyBear Protoss 

Build Orders:  

Get SALT Encoding   

  12  0:01  Probe  
  13  0:19  Probe  
  14  0:25  Pylon  
  14  0:31  Probe  
  15  0:43  Probe  
  16  0:51  Gateway  
  16  0:55  Probe  
  17  1:02  Assimilator  
  17  1:07  Probe  
  18  1:18  Pylon  
  18  1:19  Probe  
  19  1:37  Probe  
  20  1:42  Cybernetics Core  
  20  1:44  Zealot  
  22  1:47  Probe  
  22  1:52  Gateway  
  23  1:55  Probe  
  24  2:03  Probe  
  24  2:06  Assimilator  
  25  2:11  Pylon  
  25  2:13  Zealot  
  27  2:15  Probe  
  28  2:23  Twilight Council  
  28  2:35  Warp Gate  
  28  2:41  Zealot  
  30  2:54  Charge  
  30  2:59  Nexus  
  30  3:13  Zealot  
  32  3:20  Probe  
  33  3:28  Probe  
  34  3:34  Pylon  
  34  3:38  Probe  
  35  3:44  Zealot  
  37  3:50  Probe  
  38  3:57  Pylon  
  38  4:02  Probe  
  39  4:11  Zealot  
  39  4:15  Probe  
  42  4:19  Probe  
  43  4:27  Probe  
  44  4:31  Probe  
  44  4:33  Zealot  
  44  4:38  Zealot  
  49  4:39  Probe, Blink  
  49  4:43  Probe  
  51  4:49  Assimilator  
  51  4:51  Probe  
  52  4:54  Assimilator  
  52  4:55  Probe  
  53  5:03  Probe  
  53  5:05  Zealot  
  56  5:07  Probe  
  57  5:15  Probe  
  57  5:17  Forge  
  57  5:19  Probe  
  59  5:22  Gateway  
  59  5:25  Gateway  
  59  5:27  Probe  
  59  5:28  Gateway  
  60  5:32  Probe  
  61  5:39  Probe  
  62  5:44  Probe  
  63  5:51  Probe  
  64  6:10  Zealot x2  
  66  6:37  Zealot x4  
  69  6:40  Probe x2  
  68  6:52  Probe x2  
  70  7:12  Nexus  
  70  7:23  Pylon  
  70  7:26  Pylon  
  70  7:28  Protoss Ground Weapons Level 1  
  70  7:31  Pylon  
  70  7:33  Probe x2, Pylon  
  70  7:36  Stalker x2  
  70  7:37  Stalker  
  70  7:41  Stalker  
  66  7:45  Probe x2  
  66  7:51  Stalker  
  66  7:54  Probe  
  66  7:57  Probe  
  68  7:58  Gateway  
  68  8:01  Gateway  
  68  8:02  Probe  
  68  8:04  Gateway  
  68  8:06  Gateway  
  68  8:09  Probe  
  68  8:11  Probe  
  70  8:17  Forge  
  71  8:21  Probe  
  71  8:23  Probe  
  71  8:25  Probe  
  74  8:27  Stalker x2  
  74  8:28  Stalker x2  
  74  8:33  Probe  
  83  8:35  Probe  
  83  8:37  Probe  
  83  8:41  Assimilator  
  85  8:45  Probe  
  85  8:46  Assimilator  
  85  8:47  Probe  
  87  8:49  Probe  
  88  8:57  Probe  
  88  8:59  Probe  
  88  9:00  Nexus  
  90  9:03  Pylon  
  90  9:05  Pylon  
  90  9:06  Stalker  
  90  9:07  Stalker x2, Pylon  
  90  9:09  Stalker x2  
  100  9:10  Stalker  
  102  9:27  Protoss Ground Armor Level 1  
  102  9:42  Pylon  
  102  9:44  Pylon  
  102  9:54  Assimilator  
  102  9:57  Stalker x2  
  102  9:59  Assimilator  
  106  10:01  Stalker x3  
  106  10:02  Stalker x4  
  120  10:12  Pylon  
  120  10:16  Pylon  
  120  10:31  Probe x3  
  123  10:43  Probe x3  
  123  10:44  Stalker x3  
  123  10:45  Stalker x5  
  123  10:46  Stalker  
  144  10:55  Probe  
  145  10:59  Robotics Facility  
  145  11:01  Robotics Facility  
  145  11:03  Robotics Facility  
  145  11:08  Zealot x5  
  145  11:09  Zealot x3  
  147  11:45  Zealot  
  147  11:46  Zealot x2  
  125  11:47  Zealot x2  
  63  12:09  Gateway x2  
  63  12:12  Zealot x5, Gateway  
  63  12:14  Gateway  
  73  12:17  Gateway  
  73  12:29  Robotics Bay  
  73  12:35  Cybernetics Core, Zealot x5  
  83  12:50  Observer  
  84  12:55  Zealot x2  
  84  12:56  Zealot  
  68  13:08  Zealot x2  
  68  13:10  Zealot x2  
  68  13:11  Zealot  
  74  13:16  Zealot x2  
  74  13:17  Zealot x3  
Show
View Real Time Build Order
Export as new Build Order

SnaggingRc Terran 

Build Orders:  

Get SALT Encoding   

  12  0:01  SCV  
  13  0:19  SCV  
  14  0:27  Supply Depot, Refinery  
  14  0:40  SCV  
  15  1:04  Barracks  
  15  1:07  SCV  
  16  1:19  SCV  
  17  1:31  SCV  
  18  1:43  SCV  
  19  1:55  SCV  
  19  1:56  Command Center  
  20  2:07  Supply Depot  
  20  2:14  Refinery  
  20  2:15  Barracks Reactor  
  20  2:26  SCV  
  21  2:39  SCV  
  22  2:45  Refinery  
  22  2:51  Factory  
  22  2:55  Orbital Command  
  22  3:18  SCV  
  23  3:22  SCV  
  24  3:30  SCV  
  25  3:35  SCV  
  25  3:36  Factory  
  25  3:37  Factory Tech Lab  
  26  3:42  SCV  
  26  3:47  SCV  
  28  3:48  Starport  
  28  3:54  SCV  
  29  3:58  Refinery  
  29  3:59  SCV  
  30  4:05  Siege Tank  
  30  4:07  SCV  
  34  4:11  SCV  
  35  4:19  SCV, Armory  
  36  4:31  SCV  
  37  4:34  Starport Reactor  
  37  4:35  Factory Reactor  
  37  4:40  Siege Tank  
  37  4:43  SCV  
  41  4:49  SCV  
  42  4:55  SCV  
  43  5:01  SCV  
  44  5:07  SCV  
  44  5:14  SCV  
  46  5:23  Supply Depot  
  46  5:24  Supply Depot  
  46  5:25  Supply Depot  
  46  5:36  Drilling Claws  
  46  5:45  SCV, Widow Mine x2, Marine x2, Liberator x2  
  59  5:50  Supply Depot  
  59  5:53  SCV, Supply Depot  
  60  6:02  Marine x2  
  59  6:05  SCV  
  58  6:20  Marine x2  
  60  6:30  Siege Tank  
  63  6:36  Widow Mine x2  
  63  6:38  Marine x2, Liberator x2  
  75  6:53  Command Center  
  75  7:02  Siege Tank  
  78  7:17  Widow Mine x2  
  82  7:27  Refinery  
  82  7:34  Siege Tank  
  85  7:39  Marine  
  86  7:49  Supply Depot  
  86  8:05  SCV, Marine x2, Widow Mine x2  
  93  8:06  Siege Tank  
  93  8:07  Refinery  
  93  8:12  Supply Depot  
  96  8:16  SCV  
  96  8:17  SCV  
  98  8:21  Viking x2  
  98  8:22  Marine x2  
  98  8:27  Widow Mine x2  
  108  8:28  SCV  
  110  8:34  SCV, Supply Depot  
  110  8:38  Siege Tank  
  110  8:40  SCV, Marine  
  115  8:46  SCV  
  116  8:53  SCV  
  117  8:56  Viking, Widow Mine x2  
  117  8:58  SCV  
  124  9:03  Supply Depot  
  124  9:05  SCV  
  125  9:25  Supply Depot  
  125  9:33  SCV  
  126  9:38  Terran Vehicle Weapons Level 1  
  126  9:43  Armory, Widow Mine  
  126  9:44  Widow Mine  
  126  9:45  SCV, Viking  
  131  9:47  Viking, Supply Depot  
  135  9:53  Orbital Command  
  135  9:57  SCV  
  136  10:05  Widow Mine x2  
  140  10:09  SCV  
  141  10:15  Viking  
  141  10:17  Viking  
  141  10:20  Command Center  
  145  10:21  SCV  
  145  10:26  Widow Mine x2  
  150  10:45  Viking, SCV  
  150  10:47  Viking  
  150  10:48  Widow Mine x2  
  159  10:57  SCV  
  160  11:09  SCV  
  161  11:15  Viking  
  161  11:17  Viking  
  165  11:22  SCV  
  162  11:34  SCV  
  129  12:55  Widow Mine x2  
  133  13:05  SCV  
  134  13:16  Widow Mine x2  
  134  13:17  SCV  
Show
View Real Time Build Order
Export as new Build Order

Tartaro Protoss 

Build Orders:  

Get SALT Encoding   

  12  0:01  Probe  
  13  0:19  Pylon  
  13  0:22  Probe  
  14  0:30  Probe  
  15  0:42  Probe, Gateway  
  16  0:56  Probe  
  17  0:57  Pylon  
  17  1:02  Assimilator  
  17  1:18  Probe  
  18  1:26  Probe  
  18  1:27  Gateway  
  19  1:36  Probe  
  20  1:40  Gateway  
  20  1:48  Cybernetics Core  
  20  2:07  Nexus  
  20  2:13  Zealot  
  22  2:24  Warp Gate  
  22  2:29  Probe  
  23  2:33  Assimilator  
  23  2:40  Probe  
  24  2:46  Pylon  
  24  2:48  Probe  
  24  2:56  Probe  
  25  3:02  Robotics Facility  
  26  3:07  Probe  
  27  3:15  Probe  
  28  3:23  Probe  
  28  3:24  Zealot  
  31  3:37  Forge  
  31  3:39  Probe  
  31  3:40  Twilight Council  
  31  3:48  Probe  
  32  3:50  Pylon  
  32  3:55  Probe  
  34  3:57  Probe  
  34  3:59  Observer  
  36  4:07  Probe  
  36  4:09  Probe  
  38  4:11  Charge  
  38  4:12  Protoss Ground Weapons Level 1  
  38  4:21  Probe  
  39  4:28  Warp Prism  
  39  4:29  Gateway  
  39  4:30  Probe  
  42  4:38  Probe  
  43  4:47  Zealot  
  43  4:48  Probe, Zealot  
  50  5:19  Immortal  
  52  5:32  Gateway  
  52  5:35  Probe  
  52  5:36  Pylon  
  52  5:37  Probe  
  52  5:39  Pylon  
  52  5:41  Assimilator  
  54  5:44  Stargate  
  54  5:45  Stargate  
  54  5:46  Assimilator  
  54  5:48  Probe  
  54  5:49  Probe  
  56  5:54  Stalker x2  
  59  6:00  Probe  
  59  6:01  Probe  
  59  6:09  Stalker  
  59  6:12  Probe  
  59  6:13  Probe  
  59  7:16  Phoenix x2  
  59  7:17  Protoss Ground Armor Level 1  
  63  7:26  Stargate  
  63  7:27  Stargate  
  63  7:53  Stalker  
  63  7:54  Stalker  
  67  8:00  Pylon  
  67  8:03  Pylon  
  67  8:13  Protoss Air Weapons Level 1  
  67  8:15  Cybernetics Core  
  67  8:16  Phoenix  
  69  8:39  Nexus  
  69  8:43  Assimilator  
  69  8:48  Assimilator  
  69  9:15  Observer  
  70  9:17  Phoenix x3  
  70  9:18  Phoenix  
  70  9:23  Fleet Beacon  
  78  9:44  Observer  
  79  9:46  Phoenix x2  
  83  10:08  Protoss Air Armor Level 1  
  83  10:15  Tempest x3  
  98  10:25  Probe  
  98  10:32  Anion Pulse-Crystals  
  98  10:33  Probe  
  100  10:43  Probe  
  101  10:55  Probe  
  102  11:07  Probe  
  40  12:40  Cybernetics Core  
  40  12:44  Gateway  
  40  12:46  Gateway  
  40  12:49  Gateway  
  40  13:15  Gateway  
  40  13:18  Pylon  
Show
View Real Time Build Order
Export as new Build Order

MrFercho Zerg - Winner!

Build Orders: Hatch First, Lurkers 

Get SALT Encoding   

  12  0:01  Drone  
  13  0:16  Overlord  
  13  0:18  Drone  
  14  0:34  Drone x2  
  16  0:49  Drone x2  
  18  1:00  Hatchery  
  17  1:15  Spawning Pool  
  17  1:16  Drone  
  17  1:25  Drone x2  
  19  1:29  Extractor  
  19  1:31  Drone  
  19  1:42  Drone  
  20  1:53  Overlord  
  20  2:02  Queen  
  22  2:11  Drone  
  22  2:12  Queen  
  22  2:14  Drone  
  26  2:17  Drone  
  28  2:30  Drone x2  
  29  2:42  Lair  
  29  2:46  Drone x3  
  29  2:47  Drone  
  33  2:57  Overlord  
  33  3:04  Drone  
  34  3:06  Extractor  
  34  3:09  Drone x2  
  35  3:14  Drone  
  35  3:16  Drone x2  
  38  3:28  Pneumatized Carapace  
  38  3:29  Drone x5  
  38  3:31  Drone  
  44  3:45  Hydralisk Den  
  43  3:50  Evolution Chamber  
  43  3:51  Extractor  
  43  3:54  Extractor  
  40  3:55  Overlord  
  40  3:56  Overlord  
  40  3:57  Drone x4  
  40  3:59  Overlord  
  44  4:14  Hatchery, Drone x5  
  44  4:16  Extractor  
  47  4:21  Extractor  
  46  4:26  Metabolic Boost  
  46  4:32  Queen  
  46  4:35  Drone x7  
  55  4:47  Drone x2  
  57  5:02  Muscular Augments  
  57  5:03  Zerg Missile Weapons Level 1  
  57  5:30  Lurker Den  
  56  5:36  Nydus Network  
  56  5:37  Drone  
  56  5:38  Drone x12  
  68  5:54  Hydralisk  
  68  5:55  Hydralisk x2  
  74  5:57  Overlord x5  
  74  6:13  Grooved Spines  
  74  6:21  Hydralisk x10  
  74  6:22  Hydralisk x3  
  74  6:24  Overlord  
  100  6:34  Infestation Pit  
  99  6:41  Evolution Chamber  
  99  6:44  Hydralisk  
  99  6:45  Hydralisk x6  
  112  7:02  Lurker x2  
  112  7:03  Lurker  
  115  7:13  Hive  
  115  7:36  Hydralisk x3  
  121  7:38  Hatchery, Overlord x3  
  121  7:39  Overlord x6  
  120  8:01  Zerg Missile Weapons Level 2  
  120  8:02  Zerg Ground Armor Level 1  
  120  8:13  Drone x4  
  124  8:25  Spire  
  123  8:28  Hydralisk x10  
  143  8:44  Lurker x3  
  146  9:00  Lurker x3  
  146  9:02  Extractor  
  148  9:03  Extractor  
  147  9:18  Overseer  
  147  9:24  Seismic Spines  
  147  9:39  Zergling x16  
  147  9:40  Zergling x10  
  160  10:11  Hydralisk x7  
  160  10:12  Hydralisk x6  
  186  10:21  Adaptive Talons  
  186  10:27  Nydus Canal  
  186  10:44  Hydralisk x7  
  193  11:35  Hydralisk  
  193  11:36  Hydralisk x2  
  193  11:46  Greater Spire  
  175  11:56  Hydralisk  
  175  11:57  Hydralisk x14  
  170  12:55  Hydralisk  
  170  12:56  Hydralisk x12  
  194  13:01  Zergling x12  
  198  13:17  Zergling x4  
Show
View Real Time Build Order
Export as new Build Order

tigro Terran - Winner!

Build Orders:  

Get SALT Encoding   

  12  0:02  SCV  
  13  0:14  SCV  
  14  0:24  Supply Depot  
  14  0:26  SCV  
  15  0:38  Refinery  
  15  0:46  SCV  
  16  0:54  Barracks  
  16  0:58  SCV  
  17  1:07  Refinery  
  17  1:10  SCV  
  18  1:21  Supply Depot  
  18  1:22  SCV  
  19  1:34  SCV  
  20  1:46  SCV  
  21  1:50  Marine  
  22  1:58  SCV  
  23  2:04  Barracks  
  23  2:08  Marine  
  23  2:10  SCV  
  25  2:26  Marine  
  26  2:43  Orbital Command  
  26  2:44  Marine  
  26  2:50  Engineering Bay  
  27  2:54  Barracks Reactor, Factory  
  27  3:02  Marine  
  28  3:19  Command Center  
  28  3:22  Barracks Tech Lab  
  28  3:39  Factory Tech Lab  
  28  3:47  Missile Turret  
  28  3:52  Terran Infantry Weapons Level 1  
  28  3:54  Combat Shield  
  28  4:07  Missile Turret  
  28  4:09  Siege Tank  
  31  4:29  Refinery  
  31  4:33  Refinery  
  31  4:34  SCV  
  32  4:46  SCV  
  33  4:58  SCV  
  34  5:08  Marine x3  
  34  5:10  SCV  
  34  5:13  Stimpack  
  38  5:22  SCV  
  38  5:25  Starport  
  38  5:26  Marine x3  
  42  5:34  SCV  
  43  5:44  Marine  
  43  5:46  SCV, Terran Infantry Armor Level 1  
  43  5:48  Marine x2  
  39  6:02  Marine  
  36  6:05  Planetary Fortress  
  36  6:06  Marine x2  
  38  6:19  Marine  
  38  6:24  Marine x2  
  41  6:37  Marine  
  28  6:41  Marine  
  28  6:42  Marine  
  27  6:55  Marine  
  27  6:59  Marine  
  27  7:00  Marine  
  29  7:13  Marine  
  30  7:17  Marine x2  
  30  7:22  Medivac  
  34  7:31  Marine  
  34  7:35  Marine x2  
  37  7:40  Hi-Sec Auto Tracking  
  37  7:47  Command Center  
  37  7:53  Marine  
  38  8:03  Siege Tank  
  41  8:11  Starport Tech Lab  
  41  9:14  SCV  
  42  9:26  SCV  
  42  9:31  Neosteel Armor  
  43  9:38  SCV  
  44  9:50  SCV  
  45  9:56  Missile Turret  
  45  10:02  SCV  
  46  10:14  SCV  
  46  10:18  Missile Turret  
  46  10:19  Fusion Core  
  47  10:26  SCV  
  48  10:32  Marine x3  
  51  10:38  SCV  
  51  10:40  Missile Turret  
  52  10:50  SCV, Marine x3  
  56  11:00  Missile Turret  
  56  11:03  SCV  
  57  11:08  Armory, Marine x3  
  60  11:15  SCV  
  61  11:22  Missile Turret  
  56  11:25  Marine  
  56  11:26  Marine x2  
  47  11:43  Missile Turret  
  47  11:44  Marine  
  48  12:26  Thor  
  54  12:32  Battlecruiser  
  60  12:51  Supply Depot  
  60  12:53  Marine x2  
  62  13:12  Marine x2  
  70  13:14  Supply Depot  
  70  13:36  Supply Depot  
Show
View Real Time Build Order
Export as new Build Order

TATORREA Protoss - Winner!

Build Orders:  

Get SALT Encoding   

  12  0:23  Probe  
  13  0:31  Probe  
  14  0:36  Pylon  
  14  0:40  Assimilator  
  14  0:41  Probe  
  15  0:54  Probe  
  16  1:00  Gateway  
  16  1:02  Probe  
  16  1:11  Probe  
  17  1:14  Pylon  
  17  1:16  Assimilator  
  18  1:21  Probe  
  19  1:33  Probe  
  20  1:45  Probe  
  21  1:50  Nexus  
  21  1:59  Pylon  
  21  2:04  Probe  
  22  2:12  Probe  
  22  2:20  Cybernetics Core  
  22  2:22  Probe  
  23  2:34  Probe  
  24  2:46  Gateway  
  24  2:49  Probe, Gateway  
  25  2:57  Warp Gate  
  25  2:58  Stalker  
  27  3:02  Probe  
  27  3:03  Probe  
  29  3:14  Probe  
  29  3:15  Probe  
  31  3:22  Robotics Facility  
  31  3:26  Probe  
  32  3:27  Probe  
  32  3:32  Sentry  
  35  3:40  Stalker  
  32  3:41  Stalker  
  37  3:45  Probe x2  
  41  3:54  Assimilator  
  41  3:57  Probe x2  
  41  3:58  Assimilator  
  43  4:09  Probe x2  
  45  4:21  Probe x2  
  47  4:26  Stargate  
  47  4:28  Stargate  
  48  4:31  Observer  
  48  4:33  Probe x2  
  50  4:49  Pylon  
  50  4:51  Protoss Air Weapons Level 1  
  54  4:53  Immortal  
  54  5:02  Pylon  
  54  5:07  Probe x2  
  54  5:10  Nexus  
  56  5:14  Pylon  
  56  5:17  Pylon  
  56  5:20  Probe x2  
  58  5:31  Stalker  
  58  5:32  Probe x2  
  62  5:44  Probe x2  
  56  6:18  Stalker x2  
  52  6:19  Stalker  
  52  6:20  Probe  
  52  6:21  Probe  
  52  6:23  Immortal  
  62  6:27  Void Ray x2  
  70  6:36  Fleet Beacon  
  70  6:44  Probe  
  70  6:45  Probe x2  
  70  6:46  Gateway  
  73  6:48  Gateway  
  73  6:53  Gateway  
  73  6:56  Probe  
  73  6:57  Probe x2  
  73  6:59  Assimilator  
  76  7:03  Assimilator  
  76  7:07  Stalker x2  
  80  7:09  Gateway  
  80  7:10  Stalker, Gateway  
  82  7:19  Void Ray  
  86  7:22  Void Ray  
  80  7:56  Stalker  
  80  7:57  Stalker x4  
  90  8:11  Pylon x2  
  90  8:14  Pylon x2  
  90  8:22  Pylon  
  90  8:23  Pylon  
  90  8:30  Nexus  
  90  8:31  Pylon  
  90  8:34  Pylon  
  90  8:39  Void Ray  
  90  8:40  Void Ray, Gateway x2  
  98  8:42  Gateway  
  98  8:46  Gateway  
  98  8:48  Stalker x2  
  102  9:01  Twilight Council  
  102  9:05  Probe x3  
  102  9:08  Protoss Air Weapons Level 2, Forge  
  105  9:16  Observer  
  106  9:31  Probe x2  
  106  9:32  Probe  
  106  9:36  Blink  
  106  9:37  Immortal  
  113  9:38  Protoss Ground Weapons Level 1  
  113  9:40  Stalker x2  
  113  9:41  Stalker x3  
  113  9:43  Probe  
  113  9:44  Probe x2  
  126  9:54  Void Ray  
  130  10:01  Void Ray  
  130  10:03  Probe x2  
  130  10:05  Probe x2  
  138  10:22  Templar Archives  
  138  10:36  Stalker x2  
  138  10:37  Stalker x3  
  140  10:51  Probe, Assimilator x2  
  140  10:52  Probe x3  
  140  10:55  Pylon  
  144  11:04  Probe x4  
  146  11:08  Void Ray  
  146  11:09  Void Ray  
  149  11:19  Stalker x2  
  149  11:20  Stalker x3  
  149  11:21  Stalker  
  161  11:28  Pylon  
  161  11:33  High Templar x2  
  161  11:34  Pylon, High Templar x4  
  161  11:36  Charge  
  161  11:38  Archon x3  
  173  11:53  Void Ray  
  173  11:54  Void Ray  
  181  12:03  Stalker x3  
  187  12:13  Probe x4  
  190  12:25  Photon Cannon  
  190  12:27  Photon Cannon  
  190  12:28  Photon Cannon  
  190  12:29  Shield Battery  
  190  12:32  Shield Battery  
  190  12:35  Photon Cannon  
  190  12:37  Photon Cannon  
  190  12:38  Shield Battery  
  190  12:40  Shield Battery  
  190  12:41  Observer  
  190  12:43  Void Ray  
  195  12:49  Void Ray  
  199  12:52  Probe  
Tags
 
Add a new tag
Caveats
  • Supply blocks, unpowered buildings, or Contaminate may cause inaccurate times.
  • Supply counts are checked every 10 seconds.